PAA
PHOENIX HOTSPUR YOUTH @ TACOMA FUR TRADERS
08/23/2030
 
TOP OF THE 1ST
Phoenix Hotspur Youth batting - Pitching for Tacoma Fur Traders : LHP Domingo Montémayor
Pitching: LHP Domingo Montémayor
Batting: LHB Damian Alldred 0-0: Ball
1-0: SINGLE (Groundball, 4D)
Batting: SHB Huey Wood 0-0: Ball
1-0: Ball
Wild Pitch!
Damian Alldred to second
2-0: Swinging Strike
2-1: SINGLE (Flyball, 6D)
Damian Alldred to third
Runner from 3rd tries for Home, throw and OUT!
Huey Wood to second
Batting: RHB Sinfronio Vitor 0-0: Ball
Huey Wood steals 3rd base
1-0: Called Strike
1-1: Swinging Strike
1-2: Fly out, F8 (Flyball, 8RD)
Runner from 3rd tags up, SCORES, throw made
Batting: RHB Juan Negrete 0-0: Ball
1-0: Ball
2-0: SINGLE (Line Drive, 6MD)
Batting: RHB Carl Tucker 0-0: Ball
1-0: Ball
2-0: Foul Ball, location: 2F
2-1: Called Strike
2-2: Foul Ball, location: 2F
2-2: Ball
3-2: SINGLE (Line Drive, 89S)
Juan Negrete to second
Juan Negrete to third
Batting: RHB Bernardo Rivera 0-0: Ball
1-0: Fly out, F6 (Line Drive, 6)
Top of the 1st over - 1 run, 4 hits, 0 errors, 2 left on base; Phoenix Hotspur 1 - Tacoma 0
BOTTOM OF THE 1ST
Tacoma Fur Traders batting - Pitching for Phoenix Hotspur Youth : RHP Alberto Solís
Pitching: RHP Alberto Solís
Batting: RHB Roberto Aguirre 0-0: Ball
1-0: Called Strike
1-1: Ground out 3-1 (Groundball, 34)
Batting: RHB Jonathan Barnett 0-0: Called Strike
0-1: Called Strike
0-2: Ball
1-2: Strikes out swinging
Batting: RHB Jeremy Geertsen 0-0: Ball
1-0: Ground out 5-3 (Groundball, 5L)
Bottom of the 1st over - 0 runs, 0 hits, 0 errors, 0 left on base; Phoenix Hotspur 1 - Tacoma 0
TOP OF THE 2ND
Phoenix Hotspur Youth batting - Pitching for Tacoma Fur Traders : LHP Domingo Montémayor
Batting: RHB Germán Alfaro 0-0: Ball
1-0: Ball
2-0: Ball
3-0: Base on Balls
Batting: RHB Dale Everest 0-0: Foul Ball, location: 2F
0-1: Ball
1-1: Reached on error, E4 (Groundball, 4)
Germán Alfaro to second
Batting: LHB Tyler Kinjeketile 0-0: Ball
1-0: Swinging Strike
1-1: Ball
2-1: Ball
3-1: Foul Ball, location: 2F
3-2: Strikes out swinging
Batting: LHB Damian Alldred 0-0: Ball
1-0: Ball
2-0: Ball
3-0: Called Strike
3-1: Foul Ball, location: 2F
3-2: Grounds into double play, 5-4-3 (Groundball, 56)
Top of the 2nd over - 0 runs, 0 hits, 1 error, 1 left on base; Phoenix Hotspur 1 - Tacoma 0
BOTTOM OF THE 2ND
Tacoma Fur Traders batting - Pitching for Phoenix Hotspur Youth : RHP Alberto Solís
Batting: RHB Gustavo González 0-0: Foul Ball, location: 2F
0-1: Ball
1-1: Called Strike
1-2: Ball
2-2: Fly out, F9 (Flyball, 9D)
Batting: RHB Jason Alston 0-0: Swinging Strike
0-1: Ball
1-1: Ball
2-1: Ground out 6-3 (Groundball, 6)
Batting: RHB Stan Wheeler 0-0: Ball
1-0: Ball
2-0: Ground out 6-3 (Groundball, 6M)
Bottom of the 2nd over - 0 runs, 0 hits, 0 errors, 0 left on base; Phoenix Hotspur 1 - Tacoma 0
TOP OF THE 3RD
Phoenix Hotspur Youth batting - Pitching for Tacoma Fur Traders : LHP Domingo Montémayor
Batting: SHB Huey Wood 0-0: Ground out 6-3 (Groundball, 6)
Batting: RHB Sinfronio Vitor 0-0: Foul Ball, location: 2F
0-1: Foul Ball, location: 2F
0-2: Ball
1-2: Ball
2-2: Ball
3-2: Base on Balls
Batting: RHB Juan Negrete 0-0: Ball
1-0: Foul Ball, location: 2F
1-1: Called Strike
1-2: Ball
2-2: Strikes out swinging
Batting: RHB Carl Tucker 0-0: Ball
1-0: Ball
2-0: Foul Ball, location: 2F
2-1: Fly out, F9 (Flyball, 9S)
Top of the 3rd over - 0 runs, 0 hits, 0 errors, 1 left on base; Phoenix Hotspur 1 - Tacoma 0
BOTTOM OF THE 3RD
Tacoma Fur Traders batting - Pitching for Phoenix Hotspur Youth : RHP Alberto Solís
Batting: RHB David Tineo 0-0: Ball
1-0: Foul Ball, location: 2F
1-1: Ball
2-1: Foul Ball, location: 2F
2-2: Strikes out swinging
Batting: RHB Bill Perkins 0-0: Foul Ball, location: 2F
0-1: Ball
1-1: Ball
2-1: Fly out, F6 (Line Drive, 6M)
Batting: RHB Sherman N'Dir 0-0: Ball
1-0: Called Strike
1-1: Ball
2-1: Foul Ball, location: 2F
2-2: Ball
3-2: Ground out 6-3 (Groundball, 6)
Bottom of the 3rd over - 0 runs, 0 hits, 0 errors, 0 left on base; Phoenix Hotspur 1 - Tacoma 0
TOP OF THE 4TH
Phoenix Hotspur Youth batting - Pitching for Tacoma Fur Traders : LHP Domingo Montémayor
Batting: RHB Bernardo Rivera 0-0: Called Strike
0-1: Ball
1-1: Ball
2-1: SINGLE (Groundball, 6MD)
Batting: RHB Germán Alfaro 0-0: Swinging Strike
0-1: Foul Ball, location: 2F
0-2: Ball
1-2: Ball
2-2: Ball
3-2: Base on Balls
Bernardo Rivera to second
Batting: RHB Dale Everest 0-0: Ball
1-0: Ball
2-0: Foul Ball, location: 2F
2-1: Ground out 3-1 (Groundball, 34S)
Bernardo Rivera to third
Germán Alfaro to second
Batting: LHB Tyler Kinjeketile 0-0: Ball
1-0: Swinging Strike
1-1: Swinging Strike
1-2: Ball
2-2: Strikes out swinging
Batting: LHB Damian Alldred 0-0: Foul Ball, location: 2F
0-1: Ball
1-1: Ground out 6-3 (Groundball, 6)
Top of the 4th over - 0 runs, 1 hit, 0 errors, 2 left on base; Phoenix Hotspur 1 - Tacoma 0
BOTTOM OF THE 4TH
Tacoma Fur Traders batting - Pitching for Phoenix Hotspur Youth : RHP Alberto Solís
Batting: RHB Roberto Aguirre 0-0: Ball
1-0: Ball
2-0: Foul Ball, location: 2F
2-1: Ground out 5-3 (Groundball, 56)
Batting: RHB Jonathan Barnett 0-0: Fly out, F9 (Flyball, 89S)
Batting: RHB Jeremy Geertsen 0-0: Called Strike
0-1: Ball
1-1: Called Strike
1-2: Ball
2-2: Fly out, F7 (Line Drive, 7)
Bottom of the 4th over - 0 runs, 0 hits, 0 errors, 0 left on base; Phoenix Hotspur 1 - Tacoma 0
TOP OF THE 5TH
Phoenix Hotspur Youth batting - Pitching for Tacoma Fur Traders : LHP Domingo Montémayor
Batting: SHB Huey Wood 0-0: Foul Ball, location: 2F
0-1: SINGLE (Flyball, 78M)
Batting: RHB Sinfronio Vitor 0-0: Called Strike
0-1: Fly out, F7 (Flyball, 78D)
Batting: RHB Juan Negrete 0-0: Ball
Huey Wood is caught stealing 2nd base
1-0: Ground out 4-3 (Groundball, 34D)
Top of the 5th over - 0 runs, 1 hit, 0 errors, 0 left on base; Phoenix Hotspur 1 - Tacoma 0
BOTTOM OF THE 5TH
Tacoma Fur Traders batting - Pitching for Phoenix Hotspur Youth : RHP Alberto Solís
Batting: RHB Gustavo González 0-0: Ball
1-0: Foul Ball, location: 2F
1-1: Ball
2-1: Foul Ball, location: 2F
2-2: Foul Ball, location: 2F
2-2: Ground out 5-3 (Groundball, 56)
Batting: RHB Jason Alston 0-0: Ball
1-0: Foul Ball, location: 2F
1-1: SOLO HOME RUN (Flyball, 9D), Distance : 377 ft
Batting: RHB Stan Wheeler 0-0: Called Strike
0-1: Called Strike
0-2: Strikes out swinging
Batting: RHB David Tineo 0-0: Foul Ball, location: 2F
0-1: Foul Ball, location: 2F
0-2: Strikes out swinging
Bottom of the 5th over - 1 run, 1 hit, 0 errors, 0 left on base; Phoenix Hotspur 1 - Tacoma 1
TOP OF THE 6TH
Phoenix Hotspur Youth batting - Pitching for Tacoma Fur Traders : LHP Domingo Montémayor
Batting: RHB Carl Tucker 0-0: Called Strike
0-1: SINGLE (Groundball, 34D)
Batting: RHB Bernardo Rivera 0-0: Ball
1-0: Foul Ball, location: 2F
1-1: Swinging Strike
1-2: Strikes out swinging
Batting: RHB Germán Alfaro 0-0: Ball
1-0: Called Strike
1-1: Ball
2-1: Ball
3-1: Base on Balls
Carl Tucker to second
Batting: RHB Dale Everest 0-0: Ball
1-0: Fielders Choice at 2nd, 4-6 (Groundball, 4M)
Carl Tucker to third
Batting: LHB Tyler Kinjeketile 0-0: Ball
1-0: Ball
2-0: Ground out 4-3 (Groundball, 4)
Top of the 6th over - 0 runs, 1 hit, 0 errors, 2 left on base; Phoenix Hotspur 1 - Tacoma 1
BOTTOM OF THE 6TH
Tacoma Fur Traders batting - Pitching for Phoenix Hotspur Youth : RHP Alberto Solís
Batting: RHB Bill Perkins 0-0: Called Strike
0-1: Reached on error, E6 (Groundball, 6)
Batting: RHB Sherman N'Dir 0-0: Bunted foul
0-1: Sac Bunt - play at first, batter OUT! 3-4
Bill Perkins to second
Batting: RHB Roberto Aguirre 0-0: Called Strike
0-1: Swinging Strike
0-2: Ball
1-2: Foul Ball, location: 2F
1-2: Ball
2-2: Ball
3-2: DOUBLE (Line Drive, 7LM)
Bill Perkins scores
Batting: RHB Jonathan Barnett 0-0: Ground out U3 (Groundball, 34)
Roberto Aguirre to third
Batting: RHB Jeremy Geertsen 0-0: Ground out 6-3 (Groundball, 6)
Bottom of the 6th over - 1 run, 1 hit, 1 error, 1 left on base; Phoenix Hotspur 1 - Tacoma 2
TOP OF THE 7TH
Phoenix Hotspur Youth batting - Pitching for Tacoma Fur Traders : LHP Domingo Montémayor
Batting: LHB Damian Alldred 0-0: Ball
1-0: Foul Ball, location: 2F
1-1: Called Strike
1-2: Ball
2-2: Strikes out swinging
Batting: SHB Huey Wood 0-0: Called Strike
0-1: Ball
1-1: Ball
2-1: Ball
3-1: Fly out, F9 (Flyball, 9LSF)
Batting: RHB Sinfronio Vitor 0-0: DOUBLE (Flyball, 8LD)
Pitching: LHP Tyrone Marone
Batting: RHB Juan Negrete 0-0: Ground out 4-3 (Groundball, 4MS)
Top of the 7th over - 0 runs, 1 hit, 0 errors, 1 left on base; Phoenix Hotspur 1 - Tacoma 2
BOTTOM OF THE 7TH
Tacoma Fur Traders batting - Pitching for Phoenix Hotspur Youth : RHP Alberto Solís
Batting: RHB Gustavo González 0-0: Ball
1-0: Foul Ball, location: 2F
1-1: Swinging Strike
1-2: Foul Ball, location: 2F
1-2: Ball
2-2: Ball
3-2: Foul Ball, location: 2F
3-2: Foul Ball, location: 2F
3-2: SINGLE (Popup, 4D)
Batting: RHB Jason Alston 0-0: Called Strike
0-1: Ball
1-1: Ball
2-1: Foul Ball, location: 2F
2-2: Ball
3-2: Strikes out swinging
Batting: RHB Stan Wheeler 0-0: Called Strike
0-1: Ball
1-1: Foul Ball, location: 2F
1-2: Ball
2-2: Strikes out swinging
Batting: RHB David Tineo 0-0: Ball
1-0: Called Strike
1-1: Foul Ball, location: 2F
1-2: Foul Ball, location: 2F
Balk!
Gustavo González to second
1-2: Foul Ball, location: 2F
1-2: Foul Ball, location: 2F
1-2: Fly out, F7 (Flyball, 7S)
Bottom of the 7th over - 0 runs, 1 hit, 0 errors, 1 left on base; Phoenix Hotspur 1 - Tacoma 2
TOP OF THE 8TH
Phoenix Hotspur Youth batting - Pitching for Tacoma Fur Traders : LHP Tyrone Marone
Batting: RHB Carl Tucker 0-0: Ball
1-0: Called Strike
1-1: Ball
2-1: Foul Ball, location: 2F
2-2: Ball
3-2: SINGLE (Line Drive, 78S)
Pinch Runner at 1st James Turner:
Batting: RHB Bernardo Rivera 0-0: Ball
1-0: Called Strike
1-1: SINGLE (Groundball, 6M)
James Turner to second
Batting: RHB Germán Alfaro 0-0: Ball
1-0: Fielders Choice at 2nd, 6-4 (Groundball, 6)
James Turner to third
Batting: RHB Dale Everest 0-0: Swinging Strike
0-1: Ball
1-1: Ball
2-1: Swinging Strike
2-2: Strikes out swinging
Pinch Hitting: RHB Ryan Pollock 0-0: Ball
1-0: Fly out, F8 (Flyball, 89D)
Top of the 8th over - 0 runs, 2 hits, 0 errors, 2 left on base; Phoenix Hotspur 1 - Tacoma 2
BOTTOM OF THE 8TH
Tacoma Fur Traders batting - Pitching for Phoenix Hotspur Youth : RHP Alberto Solís
Now at SS: James Turner
Batting: RHB Bill Perkins 0-0: Ball
Now at 3B: Kenny Scott 1-0: Called Strike
1-1: Ball
2-1: Ball
3-1: Called Strike
3-2: Foul Ball, location: 2F
3-2: Strikes out swinging
Batting: RHB Sherman N'Dir 0-0: Reached on error, E5 (Groundball, 5)
Batting: RHB Roberto Aguirre 0-0: Ball
1-0: Called Strike
1-1: Ball
2-1: Ball
3-1: Called Strike
3-2: SINGLE (Line Drive, 6MD)
Sherman N'Dir to third
Runner from 3rd tries for Home, SAFE, throw made home
Batting: RHB Jonathan Barnett 0-0: Ball
1-0: Ball
2-0: Grounds into double play, 4-6-3 (Groundball, 4)
Bottom of the 8th over - 1 run, 1 hit, 1 error, 0 left on base; Phoenix Hotspur 1 - Tacoma 3
TOP OF THE 9TH
Phoenix Hotspur Youth batting - Pitching for Tacoma Fur Traders : LHP Tyrone Marone
Pitching: LHP Daniel Ryan
Batting: LHB Damian Alldred 0-0: Ball
1-0: Called Strike
1-1: Ground out 4-3 (Groundball, 4S)
Batting: SHB Huey Wood 0-0: Ball
1-0: Ball
2-0: SINGLE (Groundball, 6D)
Batting: RHB Sinfronio Vitor 0-0: Foul Ball, location: 2F
0-1: Fielders Choice at 2nd, 5-4 (Groundball, 5)
Batting: RHB Juan Negrete 0-0: Swinging Strike
0-1: Ball
1-1: Foul Ball, location: 2F
1-2: Foul Ball, location: 2F
1-2: Fielders Choice at 2nd, 6-4 (Groundball, 6)
Top of the 9th over - 0 runs, 1 hit, 0 errors, 1 left on base; Phoenix Hotspur 1 - Tacoma 3
Sunday, March 18th, 2018 - OOTP Baseball 18.8 Build 76